[Event "Titled Tuesday Blitz July 18 Late 2023"]
[White "robertoalejandro10"]
[Black "Horcajuelo Rocamora, Martin"]
[BlackFideId "24573027"]
[WhiteElo "2578"]
[BlackElo "2475"]
[Result "1-0"]
[Round "11"]
[TimeControl "180+2"]
[Date "2023.07.18"]
[WhiteClock "0:02:29"]
[BlackClock "0:01:57"]
[Board "47"]

1. e4 c5 2. d4 cxd4 3. c3 dxc3 4. Nxc3 e6 5. Nf3 a6 6. Bf4 Nc6 7. Bd3 Nge7 8. e5 Ng6 9. Bg3 d6 10. Bxg6 hxg6 11. exd6 b5 12. O-O Bb7 13. Rc1 Qd7 14. Ne4 e5 15. Nc5 Qc8 16. d7+ 1-0


[Site "https://www.chess.com"]

[Event "Titled Tuesday Blitz July 18 Late 2023"]
[White "Vlassov, Nikolai"]
[Black "Arnold, Ken"]
[WhiteFideId "4103360"]
[BlackFideId "2056836"]
[WhiteElo "2571"]
[BlackElo "2450"]
[Result "1-0"]
[Round "11"]
[TimeControl "180+2"]
[Date "2023.07.18"]
[WhiteClock "0:00:36"]
[BlackClock "0:00:17"]
[Board "48"]

1. e4 c6 2. d4 d5 3. e5 Bf5 4. Nc3 e6 5. g4 Bg6 6. Nge2 Be7 7. Be3 Nh6 8. Nf4 b5 9. Bg2 b4 10. Na4 Nd7 11. O-O O-O 12. Nd3 f5 13. exf6 Bxf6 14. f4 Bxd3 15. cxd3 g5 16. Rc1 Rc8 17. h3 gxf4 18. Rxf4 Bg5 19. Rxf8+ Nxf8 20. Qd2 Nf7 21. Nc5 Qf6 22. Bxg5 Nxg5 23. Qe3 Qg6 24. Re1 Re8 25. Kh2 Nf7 26. Qf4 Qg7 27. h4 e5 28. dxe5 Rxe5 29. Rxe5 Qxe5 30. Qxe5 Nxe5 31. Kg3 Kf7 32. h5 h6 33. Kf4 Ned7 34. Na6 Ne6+ 35. Kg3 Nec5 36. Nxb4 a5 37. Nxc6 Nxd3 38. Bxd5+ Kf6 39. b3 Nc1 40. a4 Nb6 41. Bg8 Ne2+ 42. Kf2 Nc3 43. Nxa5 Ncxa4 44. bxa4 Nxa4 45. Kg3 Nc5 46. Nc4 Ne4+ 47. Kf4 Ng5 48. Bd5 Nh3+ 49. Kg3 Ng5 50. Nd2 Kg7 51. Ne4 Nh7 52. Kf4 Nf8 53. Nc5 Nh7 54. Kf5 Ng5 55. Ne6+ Nxe6 56. Bxe6 Kh7 57. Kf6 Kh8 58. Bf5 1-0


[Site "https://www.chess.com"]

[Event "Titled Tuesday Blitz July 18 Late 2023"]
[White "Todorovic, Bojan"]
[Black "Sadovsky, Artem"]
[WhiteFideId "917087"]
[BlackFideId "4155840"]
[WhiteElo "2394"]
[BlackElo "2563"]
[Result "1-0"]
[Round "11"]
[TimeControl "180+2"]
[Date "2023.07.18"]
[WhiteClock "0:00:05"]
[BlackClock "0:00:22"]
[Board "49"]

1. d4 g6 2. Nf3 Bg7 3. c4 d6 4. Nc3 e5 5. g3 Nc6 6. dxe5 d5 7. cxd5 Nxe5 8. Nxe5 Bxe5 9. Bg2 Ne7 10. O-O h5 11. Bg5 h4 12. Ne4 hxg3 13. hxg3 Bh3 14. Nf6+ Kf8 15. Bxh3 Rxh3 16. Ng4 Rh5 17. Qd2 Qd7 18. Nf6 Bxf6 19. Bxf6 Qh3 20. Bxe7+ Kg8 21. Bh4 Rxh4 22. gxh4 Qg4+ 23. Kh2 Qxh4+ 24. Kg2 Qg4+ 25. Kh1 Kg7 26. Qc3+ f6 27. Qg3 Rh8+ 28. Kg2 Qe4+ 29. Qf3 Qe5 30. Rh1 Re8 31. Rad1 Qxb2 32. d6 cxd6 33. Rxd6 Re7 34. Qh3 Qxa2 35. Qh7+ Kf8 36. Qxg6 Rg7 37. Rh8+ Qg8 38. Rd8+ Ke7 39. Rhxg8 Rxg6+ 40. Rxg6 Kxd8 41. Rg7 a6 42. Rf7 Kc8 43. Rxf6 a5 44. Rf3 b6 45. Rb3 Kb7 46. f4 Ka6 47. f5 a4 48. Rb1 b5 49. f6 Ka5 50. f7 a3 51. f8=Q a2 52. Qa3+ Kb6 53. Qxa2 Kc5 54. Qb3 b4 55. Qxb4+ Kd5 56. Rd1+ Ke5 57. Qd4+ Kf5 58. Rf1+ Kg5 59. Qg7+ Kh4 60. Rh1# 1-0


[Site "https://www.chess.com"]

[Event "Titled Tuesday Blitz July 18 Late 2023"]
[White "Vifleemskaia, Svetlana"]
[Black "JERO-8914"]
[WhiteFideId "4129490"]
[WhiteElo "2359"]
[BlackElo "2504"]
[Result "1/2-1/2"]
[Round "11"]
[TimeControl "180+2"]
[Date "2023.07.18"]
[WhiteClock "0:00:14"]
[BlackClock "0:00:19"]
[Board "50"]

1. d4 Nf6 2. c4 e6 3. Nc3 c5 4. d5 exd5 5. cxd5 d6 6. e4 g6 7. Nge2 Bg7 8. Ng3 O-O 9. Be2 Re8 10. O-O a6 11. a4 Qc7 12. Bf4 Nbd7 13. Qd2 Rb8 14. Rfc1 Ne5 15. Ra3 h5 16. h3 Qe7 17. Bg5 Qf8 18. Re1 Nh7 19. Bf4 h4 20. Nf1 f5 21. f3 Qf6 22. exf5 g5 23. Ne4 Qd8 24. Bxg5 Nxg5 25. Qxg5 Qxg5 26. Nxg5 Bxf5 27. Ne6 Bxe6 28. dxe6 Rxe6 29. Ne3 Rbe8 30. Nf5 Nxf3+ 31. Rxf3 Rxe2 32. Rxe2 Rxe2 33. Nxg7 Kxg7 34. Rd3 Re6 35. Kf2 Kf6 36. Kf3 Ke7 37. Rd5 b5 38. axb5 axb5 39. Rh5 Rf6+ 40. Ke3 Rg6 41. Kf2 Rf6+ 42. Ke3 Re6+ 43. Kf3 Rf6+ 44. Ke3 1/2-1/2


[Site "https://www.chess.com"]

[Event "Titled Tuesday Blitz July 18 Late 2023"]
[White "Hnydiuk, Aleksander"]
[Black "Troff, Kayden"]
[WhiteFideId "1109057"]
[BlackFideId "2047896"]
[WhiteElo "2506"]
[BlackElo "2758"]
[Result "0-1"]
[Round "11"]
[TimeControl "180+2"]
[Date "2023.07.18"]
[WhiteClock "0:00:51"]
[BlackClock "0:02:21"]
[Board "51"]

1. d4 Nf6 2. c4 g6 3. f3 Nh5 4. g4 e5 5. gxh5 Bb4+ 6. Kf2 Qh4+ 7. Kg2 gxh5 8. Nh3 Rg8+ 9. Ng5 d6 10. Qa4+ Nc6 11. d5 Bh3+ 12. Kg1 Bc5+ 13. e3 0-1


[Site "https://www.chess.com"]

[Event "Titled Tuesday Blitz July 18 Late 2023"]
[White "Begmuratov, Alisher"]
[Black "Sos Andreu, Eric"]
[WhiteFideId "14203367"]
[BlackFideId "22247017"]
[WhiteElo "2631"]
[BlackElo "2506"]
[Result "1-0"]
[Round "11"]
[TimeControl "180+2"]
[Date "2023.07.18"]
[WhiteClock "0:01:05"]
[BlackClock "0:00:00"]
[Board "52"]

1. e4 c6 2. d4 d5 3. Nc3 dxe4 4. Bc4 Nf6 5. f3 e5 6. dxe5 Qxd1+ 7. Nxd1 Nfd7 8. f4 Nb6 9. Bb3 f6 10. exf6 gxf6 11. Ne2 Na6 12. Bd2 Bg4 13. Bc3 Be7 14. Ne3 Bxe2 15. Kxe2 O-O-O 16. Nf5 Bb4 17. Bxb4 Nxb4 18. Rad1 Kc7 19. g3 a5 20. Ng7 Rxd1 21. Rxd1 a4 22. Be6 Nxc2 23. Bf5 Kb8 24. Bxe4 Nb4 25. a3 N4d5 26. Kf3 h5 27. h4 Kc7 28. Ne6+ Kd6 29. f5 Ke5 30. Nf4 Kd6 31. Bxd5 cxd5 32. Re1 Rc8 33. Re6+ Kd7 34. Rxb6 Rc2 35. Nxh5 Kc7 36. Rb4 d4 37. Rxd4 Rxb2 38. Rxa4 Rb3+ 39. Kg4 b5 40. Rb4 Rxa3 41. Rxb5 Kd6 42. Nxf6 Ke7 43. Ne4 Kf7 44. Rb7+ Kf8 45. f6 Ra4 46. Kf5 Ra5+ 47. Kg6 Ra8 48. h5 1-0


[Site "https://www.chess.com"]

[Event "Titled Tuesday Blitz July 18 Late 2023"]
[White "Shubenkova, Veronika"]
[Black "Omelja, Artem"]
[WhiteFideId "44124040"]
[BlackFideId "14119846"]
[WhiteElo "2504"]
[BlackElo "2628"]
[Result "1-0"]
[Round "11"]
[TimeControl "180+2"]
[Date "2023.07.18"]
[WhiteClock "0:00:02"]
[BlackClock "0:00:00"]
[Board "53"]

1. e4 g5 2. d4 Bg7 3. Bxg5 c5 4. Be3 Qb6 5. Bc1 cxd4 6. Nf3 Nc6 7. Bd3 d6 8. Nbd2 Bg4 9. O-O Nf6 10. a4 Nd7 11. Nc4 Qc5 12. b3 Rg8 13. h3 Bh5 14. Ba3 Bxf3 15. Qxf3 Nce5 16. Nxe5 Nxe5 17. Qh5 Qc7 18. Bb5+ Kf8 19. Qxh7 Qxc2 20. f4 Ng6 21. Qh5 d3 22. e5 Rd8 23. Kh1 d2 24. Be2 dxe5 25. fxe5 Bxe5 26. Rad1 Qxb3 27. Rf3 Qd5 28. Qh6+ Bg7 29. Qe3 Qe5 30. Rxd2 Rxd2 31. Qxd2 Qa1+ 32. Kh2 Be5+ 33. g3 Kg7 34. Bc1 Rh8 35. Bc4 f6 36. Bd3 Qd4 37. Qc2 Nh4 38. Rf1 Qd5 39. Be4 Qd6 40. Bf4 Bxf4 41. Rxf4 f5 42. Qc3+ Qf6 43. Qe1 Ng6 44. Rf1 e6 45. Bg2 Qg5 46. Qc3+ 1-0


[Site "https://www.chess.com"]

[Event "Titled Tuesday Blitz July 18 Late 2023"]
[White "David, Bogdan-Emanuel"]
[Black "Erzhanov, Arman"]
[WhiteFideId "1229907"]
[BlackFideId "4138821"]
[WhiteElo "2591"]
[BlackElo "2499"]
[Result "1-0"]
[Round "11"]
[TimeControl "180+2"]
[Date "2023.07.18"]
[WhiteClock "0:00:17"]
[BlackClock "0:00:12"]
[Board "54"]

1. e4 d6 2. d4 Nf6 3. Nc3 c6 4. Be3 e5 5. f3 Nbd7 6. Qd2 b5 7. g4 b4 8. Nce2 a5 9. g5 Nh5 10. Ng3 Nxg3 11. hxg3 Be7 12. Nh3 c5 13. dxc5 Nxc5 14. Nf2 Qc7 15. Bc4 Bd7 16. Ke2 Na4 17. Qd5 Be6 18. Qxa8+ Bd8 19. Bb5+ Bd7 20. Bxd7+ Qxd7 21. Nd3 O-O 22. Qd5 Nb6 23. Bxb6 Bxb6 24. Nxe5 Qa4 25. b3 Qe8 26. Ng4 Qc8 27. Rac1 Re8 28. Nf6+ gxf6 29. gxf6 Re5 30. Qd2 Qf8 31. Qf4 Bd4 32. Qg4+ Kh8 33. Rxh7+ Kxh7 34. Rh1+ Qh6 35. Qg7# 1-0


[Site "https://www.chess.com"]

[Event "Titled Tuesday Blitz July 18 Late 2023"]
[White "Geivondian, Arman"]
[Black "Shapiro, Viktor"]
[WhiteFideId "24102032"]
[BlackFideId "4175700"]
[WhiteElo "2579"]
[BlackElo "2494"]
[Result "0-1"]
[Round "11"]
[TimeControl "180+2"]
[Date "2023.07.18"]
[WhiteClock "0:02:07"]
[BlackClock "0:00:16"]
[Board "55"]

1. e4 e5 2. Nf3 Nc6 3. d4 exd4 4. Nxd4 Bc5 5. Nb3 Bb6 6. Nc3 Nge7 7. Bg5 O-O 8. Bd3 d6 9. Qe2 a5 10. a4 Be6 11. O-O-O Bxb3 12. cxb3 Nd4 13. Qh5 Nxb3+ 14. Kb1 Nc5 15. Bc2 f6 16. Be3 Qe8 17. Qh4 Ng6 18. Qg3 Nd7 19. Bb3+ Kh8 20. Bc1 f5 21. exf5 Rxf5 22. Bc2 Rxf2 23. Rhe1 Qf7 24. Ne4 Rxc2 25. Kxc2 Nde5 26. Kb1 h6 27. Rf1 Qc4 28. b3 Qxe4+ 29. Ka1 Bd4+ 30. Bb2 Bxb2+ 31. Kxb2 Qb4 32. Rc1 c6 33. Rfd1 d5 34. Ka2 b5 35. axb5 a4 36. Qc3 axb3+ 37. Kb1 Qa3 38. Qb2 Qxb2+ 39. Kxb2 Nc4+ 40. Kxb3 Rb8 41. Ra1 Rxb5+ 42. Kc3 Kh7 43. Ra7 Nge5 44. Re1 c5 45. Ra2 d4+ 46. Kc2 d3+ 47. Kc3 d2 48. Rea1 Rb8 49. Ra7 Rd8 50. Rd1 Rd3+ 51. Kc2 Ne3+ 0-1


[Site "https://www.chess.com"]

[Event "Titled Tuesday Blitz July 18 Late 2023"]
[White "Tarhan, Adar"]
[Black "Salazar Farias, Luis German"]
[WhiteFideId "34544712"]
[BlackFideId "3902170"]
[WhiteElo "2564"]
[BlackElo "2490"]
[Result "1-0"]
[Round "11"]
[TimeControl "180+2"]
[Date "2023.07.18"]
[WhiteClock "0:01:30"]
[BlackClock "0:00:00"]
[Board "56"]

1. d4 Nf6 2. c3 d5 3. Bf4 e6 4. e3 Bd6 5. Nd2 c5 6. Bg3 Qc7 7. Ngf3 Nbd7 8. Bd3 e5 9. dxe5 Nxe5 10. Nxe5 Bxe5 11. Nf3 Bxg3 12. hxg3 Bg4 13. Qa4+ Bd7 14. Qh4 O-O-O 15. O-O-O h6 16. Qf4 Qxf4 17. gxf4 Bg4 18. Be2 Ne4 19. Rdf1 Rhe8 20. Nd4 Bxe2 21. Nxe2 Kc7 22. g4 b5 23. Rhg1 a5 24. g5 hxg5 25. fxg5 g6 26. f4 Nd6 27. Ng3 Rxe3 28. f5 Rde8 29. fxg6 fxg6 30. a3 R8e5 31. Nh1 a4 32. Kb1 Nc4 33. Rf7+ Re7 34. Rgf1 Rxf7 35. Rxf7+ Kd6 36. Nf2 Re1+ 37. Ka2 Re2 38. Nd3 d4 39. Rf6+ Kd5 40. Nf4+ Ke4 41. Nxe2 d3 42. Ng3+ Ke5 43. Nf1 1-0


[Site "https://www.chess.com"]

[Event "Titled Tuesday Blitz July 18 Late 2023"]
[White "Melnichuk, Mikhail"]
[Black "Golubev, Mikhail"]
[WhiteFideId "14117533"]
[BlackFideId "14100983"]
[WhiteElo "2487"]
[BlackElo "2558"]
[Result "0-1"]
[Round "11"]
[TimeControl "180+2"]
[Date "2023.07.18"]
[WhiteClock "0:01:08"]
[BlackClock "0:01:41"]
[Board "57"]

1. e4 c5 2. Nf3 d6 3. Bb5+ Bd7 4. Bxd7+ Qxd7 5. O-O Nc6 6. b3 Nf6 7. Re1 g6 8. Bb2 Bg7 9. d4 cxd4 10. Nxd4 O-O 11. c4 Nxd4 12. Bxd4 b5 13. cxb5 Qxb5 14. Nc3 Qb7 15. Rb1 Rac8 16. Bxf6 Bxf6 17. Nd5 Bg7 18. Rc1 e6 19. Nf4 Rxc1 20. Qxc1 Bh6 21. e5 dxe5 22. Rxe5 Rc8 0-1


[Site "https://www.chess.com"]

[Event "Titled Tuesday Blitz July 18 Late 2023"]
[White "Velasco, Santiago"]
[Black "Kaplan, Avi Harrison"]
[WhiteFideId "4401328"]
[BlackFideId "30934559"]
[WhiteElo "2555"]
[BlackElo "2485"]
[Result "1/2-1/2"]
[Round "11"]
[TimeControl "180+2"]
[Date "2023.07.18"]
[WhiteClock "0:00:14"]
[BlackClock "0:00:06"]
[Board "58"]

1. d4 Nf6 2. c3 c5 3. dxc5 a5 4. b4 axb4 5. cxb4 b6 6. a4 bxc5 7. b5 d5 8. Bb2 g6 9. e4 Bg7 10. Nf3 O-O 11. exd5 Nxd5 12. Bxg7 Kxg7 13. Bc4 Qa5+ 14. Nbd2 Nb6 15. O-O Qb4 16. Bb3 Bf5 17. Re1 c4 18. Bc2 Bxc2 19. Qxc2 Rxa4 20. Rxa4 Qxa4 21. Qxa4 Nxa4 22. Nxc4 e6 23. Ra1 Nc5 24. g4 Nbd7 25. Nd4 Rb8 26. Ra7 e5 27. Nf3 Rxb5 28. Ncxe5 Nxe5 29. Nxe5 Rb7 30. Ra5 Ne6 31. Kg2 Rb3 32. f3 Rb2+ 33. Kg3 g5 34. h4 h6 35. Ra7 Nf4 36. Rxf7+ Kg8 37. Rxf4 gxf4+ 38. Kxf4 Kg7 39. h5 Rb4+ 40. Kg3 Rb5 41. Nd3 Ra5 42. Nf4 Ra4 43. Ne6+ Kh7 44. Nc7 Kg7 45. Nb5 Rc4 46. Nd6 Rc6 47. Nf5+ Kh7 48. Kf4 Ra6 49. Kg3 Ra3 50. Kf4 Ra4+ 51. Ke3 Ra3+ 52. Kf2 Ra2+ 53. Kg3 Ra3 54. Nh4 Kg7 55. Ng2 Kf6 56. Nf4 Kg7 57. Nd5 Kh7 58. Nb6 Rd3 59. Nc4 Rd5 60. Kf2 Rc5 61. Ne3 Ra5 62. f4 Ra2+ 63. Kf3 Ra4 64. g5 hxg5 65. fxg5 Kg7 66. Ng4 Ra5 67. Kf4 Ra4+ 68. Kf5 Ra1 69. h6+ Kg8 70. Kg6 Ra6+ 71. Nf6+ Kh8 72. Kf7 Ra7+ 73. Ke6 Ra6+ 74. Kf5 Ra5+ 75. Kg6 Rxg5+ 76. Kxg5 1/2-1/2


[Site "https://www.chess.com"]

[Event "Titled Tuesday Blitz July 18 Late 2023"]
[White "Ambartsumova, Karina"]
[Black "Rodriguez Fontecha, Marcos"]
[WhiteFideId "4166299"]
[BlackFideId "2256576"]
[WhiteElo "2553"]
[BlackElo "2481"]
[Result "1-0"]
[Round "11"]
[TimeControl "180+2"]
[Date "2023.07.18"]
[WhiteClock "0:01:16"]
[BlackClock "0:00:27"]
[Board "59"]

1. Nf3 Nf6 2. c4 d6 3. d4 g6 4. g3 Bg7 5. Bg2 Bf5 6. Nc3 O-O 7. Nh4 Bc8 8. O-O Nc6 9. Nf3 Bg4 10. h3 Bxf3 11. Bxf3 e5 12. d5 Ne7 13. e4 Nd7 14. Bg2 a5 15. Be3 f5 16. Qd2 f4 17. gxf4 exf4 18. Bxf4 Ne5 19. Bxe5 Bxe5 20. f4 Bg7 21. Rae1 Qd7 22. e5 Nf5 23. e6 Qe7 24. Kh2 Qh4 25. Qf2 Qh6 26. Ne4 Nh4 27. Ng5 Be5 28. Nf7 1-0


[Site "https://www.chess.com"]

[Event "Titled Tuesday Blitz July 18 Late 2023"]
[White "Bibasa, Bob"]
[Black "Musovic, Armin"]
[WhiteFideId "10000240"]
[BlackFideId "939935"]
[WhiteElo "2435"]
[BlackElo "2539"]
[Result "1-0"]
[Round "11"]
[TimeControl "180+2"]
[Date "2023.07.18"]
[WhiteClock "0:01:06"]
[BlackClock "0:01:57"]
[Board "60"]

1. e4 c6 2. d4 d5 3. exd5 cxd5 4. Bd3 Nc6 5. c3 Nf6 6. Bf4 g6 7. Nf3 Bg7 8. Nbd2 O-O 9. O-O Re8 10. Re1 Nd7 11. Ne5 f6 12. Nxc6 bxc6 13. c4 e5 14. dxe5 Nxe5 15. Bxe5 fxe5 16. cxd5 cxd5 17. Nb3 e4 18. Bb5 Re5 19. Rc1 Rb8 20. Bc6 Ba6 21. Nc5 Rxb2 22. Nxa6 Rxf2 23. Kxf2 Qb6+ 24. Nc5 Qxc6 25. Kg1 e3 26. Nd3 Qb6 27. Rc8+ Kf7 28. Nxe5+ Bxe5 29. Qf3+ Ke6 30. Re8+ Kd6 31. Rxe5 e2+ 32. Qf2 Qxf2+ 33. Kxf2 d4 1-0


[Site "https://www.chess.com"]

[Event "Titled Tuesday Blitz July 18 Late 2023"]
[White "Bueno, Alfeu Junior Varela"]
[Black "Estrada Nieto, Julian"]
[WhiteFideId "2108879"]
[BlackFideId "5101018"]
[WhiteElo "2412"]
[BlackElo "2538"]
[Result "0-1"]
[Round "11"]
[TimeControl "180+2"]
[Date "2023.07.18"]
[WhiteClock "0:00:01"]
[BlackClock "0:00:19"]
[Board "61"]

1. e4 e5 2. Nc3 Nf6 3. f4 d5 4. fxe5 Nxe4 5. Qf3 Nc6 6. Bb5 Nxc3 7. dxc3 Be7 8. Bf4 O-O 9. O-O-O Be6 10. Bc4 Bg5 11. Ne2 Nxe5 12. Qg3 Bxf4+ 13. Nxf4 Nxc4 14. Nh5 g6 15. Rhf1 Kh8 16. Nf6 Rg8 17. Qg5 Rg7 18. Rd4 c6 19. Rh4 Qb6 20. Rxc4 dxc4 21. Qh6 Rd8 22. a3 Qc5 23. Kb1 Qe5 24. Rf4 Bf5 25. Qh4 g5 26. Qh6 gxf4 27. Nh5 Bg6 28. g3 Bxh5 29. Qxh5 Qxh5 30. g4 0-1


[Site "https://www.chess.com"]

[Event "Titled Tuesday Blitz July 18 Late 2023"]
[White "Santos Flores, Alberto"]
[Black "Eggleston, Thomas A"]
[WhiteFideId "3601234"]
[BlackFideId "412139"]
[WhiteElo "2534"]
[BlackElo "2381"]
[Result "1-0"]
[Round "11"]
[TimeControl "180+2"]
[Date "2023.07.18"]
[WhiteClock "0:01:41"]
[BlackClock "0:00:39"]
[Board "62"]

1. e4 e6 2. d4 d5 3. Nc3 Nf6 4. e5 Nfd7 5. Nce2 c5 6. c3 Nc6 7. Nf3 Be7 8. a3 g5 9. Be3 g4 10. Nd2 Bg5 11. b4 cxd4 12. cxd4 Bxe3 13. fxe3 Qg5 14. Nf4 Nf8 15. Nb3 Ng6 16. g3 b6 17. Bd3 Bd7 18. O-O O-O 19. Rf2 Nce7 20. Rc1 Rac8 21. Rfc2 Ba4 22. Rxc8 Rxc8 23. Rxc8+ Nxc8 24. Qc2 Qd8 25. Qc3 Bxb3 26. Qxb3 Qc7 27. Qc2 Nce7 28. Qxc7 1-0


[Site "https://www.chess.com"]

[Event "Titled Tuesday Blitz July 18 Late 2023"]
[White "Martinez Reyes, Pedro Ramon"]
[Black "Calin, Alexandru"]
[WhiteFideId "3901807"]
[BlackFideId "1222961"]
[WhiteElo "2530"]
[BlackElo "2374"]
[Result "1-0"]
[Round "11"]
[TimeControl "180+2"]
[Date "2023.07.18"]
[WhiteClock "0:01:02"]
[BlackClock "0:00:00"]
[Board "63"]

1. d4 Nf6 2. c4 e6 3. Nc3 Bb4 4. e3 O-O 5. Ne2 b6 6. a3 Be7 7. Nf4 Bb7 8. Be2 d6 9. O-O Nbd7 10. Bf3 Bxf3 11. Qxf3 e5 12. Nfd5 Nxd5 13. Nxd5 Bg5 14. Nb4 f5 15. Nc6 Qe8 16. d5 e4 17. Qe2 Ne5 18. Nd4 Nd3 19. Ne6 Bf6 20. Nxc7 Qa4 21. Nxa8 Rxa8 22. Bd2 Bxb2 23. Rab1 Qxc4 24. Bb4 Qxd5 25. Rxb2 Nxb2 26. Qxb2 a5 27. Bc3 1-0


[Site "https://www.chess.com"]

[Event "Titled Tuesday Blitz July 18 Late 2023"]
[White "Slovineanu, Viacheslav"]
[Black "Diano, Eden"]
[WhiteFideId "13900510"]
[BlackFideId "5203708"]
[WhiteElo "2348"]
[BlackElo "2527"]
[Result "0-1"]
[Round "11"]
[TimeControl "180+2"]
[Date "2023.07.18"]
[WhiteClock "0:00:01"]
[BlackClock "0:00:38"]
[Board "64"]

1. d4 d5 2. Nf3 Nf6 3. c4 dxc4 4. e3 a6 5. Bxc4 b5 6. Bd3 Bb7 7. a4 c6 8. O-O e6 9. e4 Be7 10. Bg5 Nbd7 11. Nbd2 h6 12. Bh4 O-O 13. e5 Nd5 14. Bxe7 Qxe7 15. Ne4 Nb4 16. Rc1 c5 17. Nxc5 Nxc5 18. Rxc5 Rfd8 19. Bb1 bxa4 20. Qxa4 Bxf3 21. Qxb4 Qg5 22. g3 Rab8 23. Qc3 Qg4 24. Re1 Ba8 25. Rc4 Bd5 26. Rc5 g6 27. b4 Qf3 28. Qxf3 Bxf3 29. Be4 Bxe4 30. Rxe4 Rxb4 31. Ra5 Rdxd4 32. Rxd4 Rxd4 33. Rxa6 g5 34. Ra5 Kg7 35. Kg2 g4 36. h3 h5 37. hxg4 hxg4 38. Rb5 Kg6 39. Ra5 Rd5 40. Rxd5 exd5 41. f4 gxf3+ 42. Kxf3 Kf5 43. Ke3 Kxe5 44. Kd3 f5 45. Ke3 d4+ 46. Kf3 Kd5 47. Kf4 Kc4 0-1


[Site "https://www.chess.com"]

[Event "Titled Tuesday Blitz July 18 Late 2023"]
[White "Lopez Idarraga, Daniel Eduardo"]
[Black "Rangel, Daniel"]
[WhiteFideId "4405501"]
[BlackFideId "2124475"]
[WhiteElo "2341"]
[BlackElo "2525"]
[Result "1-0"]
[Round "11"]
[TimeControl "180+2"]
[Date "2023.07.18"]
[WhiteClock "0:00:15"]
[BlackClock "0:00:02"]
[Board "65"]

1. d4 Nf6 2. Bf4 g6 3. e3 Bg7 4. Nf3 O-O 5. Be2 b6 6. O-O Bb7 7. h3 c5 8. Bh2 Nc6 9. c3 d5 10. Nbd2 Nd7 11. a4 e5 12. dxe5 Ndxe5 13. Nxe5 Nxe5 14. Nf3 Nc4 15. Qb3 Na5 16. Qc2 Qe7 17. Rad1 Rfe8 18. Rd2 Rac8 19. Rfd1 Bh6 20. Qb1 c4 21. Nd4 Nc6 22. Bf3 Ne5 23. Nb5 Nxf3+ 24. gxf3 Qg5+ 25. Kh1 Qh5 26. Kg2 Rcd8 27. Nd6 Rxd6 28. Bxd6 d4 29. e4 d3 30. Bg3 f5 31. Rxd3 cxd3 32. Qxd3 fxe4 33. Qc4+ Kh8 34. Rd7 Qxf3+ 35. Kh2 Bg7 36. Rxb7 e3 37. Qc7 Rg8 38. Qxg7+ Rxg7 39. Rb8+ 1-0


[Site "https://www.chess.com"]

[Event "Titled Tuesday Blitz July 18 Late 2023"]
[White "MFatigue"]
[Black "Vujacic, Igor"]
[BlackFideId "932620"]
[WhiteElo "2523"]
[BlackElo "2340"]
[Result "1-0"]
[Round "11"]
[TimeControl "180+2"]
[Date "2023.07.18"]
[WhiteClock "0:00:28"]
[BlackClock "0:00:03"]
[Board "66"]

1. e4 c5 2. a3 g6 3. h4 h5 4. Nc3 Bg7 5. Bc4 Nc6 6. d3 d6 7. Nge2 e6 8. Bg5 Bf6 9. Qd2 a6 10. Ba2 Rb8 11. Rd1 Nd4 12. Nxd4 cxd4 13. Ne2 b5 14. Nxd4 Bd7 15. Nf3 Qc7 16. d4 a5 17. O-O b4 18. axb4 axb4 19. e5 Bg7 20. exd6 Qa5 21. Bb3 Nf6 22. Rfe1 O-O 23. Ne5 Bb5 24. Bh6 Rbd8 25. Qg5 Nh7 26. Qf4 Bxh6 27. Qxh6 Rxd6 28. Nxf7 Rxf7 29. Rxe6 Rxe6 30. Bxe6 Nf8 31. Bxf7+ Kxf7 32. Qg5 Qa4 33. Re1 Ne6 34. Qd5 Bd7 35. Re5 Qc6 36. Qxc6 Bxc6 37. d5 1-0


[Site "https://www.chess.com"]

[Event "Titled Tuesday Blitz July 18 Late 2023"]
[White "ChessSG1"]
[Black "vishwa_vijeta"]
[WhiteElo "2330"]
[BlackElo "2511"]
[Result "0-1"]
[Round "11"]
[TimeControl "180+2"]
[Date "2023.07.18"]
[WhiteClock "0:00:00"]
[BlackClock "0:01:00"]
[Board "67"]

1. Nf3 c5 2. c4 Nc6 3. Nc3 g6 4. e3 e6 5. d4 cxd4 6. exd4 d5 7. Bg5 Be7 8. Bxe7 Ngxe7 9. Be2 O-O 10. O-O b6 11. Rc1 Bb7 12. Re1 Qd7 13. Qd2 Rad8 14. cxd5 Nxd5 15. Qh6 Nf6 16. Ng5 Nxd4 17. Bd3 Nf3+ 18. gxf3 Qxd3 19. Nce4 Bxe4 20. fxe4 e5 21. Re3 Qd2 22. Rc6 Qd1+ 23. Kg2 Qg4+ 24. Rg3 Qh5 25. Rh3 Qxh6 26. Rxh6 Kg7 27. Rh3 h6 28. Nf3 Rfe8 29. Ne1 Nxe4 30. Rc7 Rd2 31. Nd3 Rd8 32. Re3 R8xd3 33. Rxe4 Rxb2 34. Rxe5 Rdd2 35. Ree7 Rxf2+ 36. Kg3 Rg2+ 37. Kh3 Rxh2+ 38. Kg3 Rhg2+ 39. Kh3 Rgf2 40. Rxa7 Rf5 41. a4 Rb3+ 42. Kg2 h5 43. Re2 h4 0-1


[Site "https://www.chess.com"]

[Event "Titled Tuesday Blitz July 18 Late 2023"]
[White "Santos, Rafael Ventura Dos"]
[Black "Ismayil, Malak"]
[WhiteFideId "2122227"]
[BlackFideId "13412604"]
[WhiteElo "2308"]
[BlackElo "2507"]
[Result "1-0"]
[Round "11"]
[TimeControl "180+2"]
[Date "2023.07.18"]
[WhiteClock "0:00:07"]
[BlackClock "0:00:03"]
[Board "68"]

1. e4 e5 2. Nf3 Nc6 3. Bc4 Bc5 4. d3 Nf6 5. Nc3 O-O 6. O-O h6 7. Be3 Bb6 8. Ne2 d5 9. exd5 Nxd5 10. Bxb6 axb6 11. Re1 Bg4 12. Ng3 Re8 13. h3 Bxf3 14. Qxf3 Nf4 15. Ne2 Nd4 16. Nxd4 Qxd4 17. c3 Qd6 18. Qxb7 Qg6 19. Qf3 Rad8 20. Rad1 Kh8 21. Kh2 Qg5 22. g3 Ng6 23. h4 Nxh4 24. gxh4 Qxh4+ 25. Kg2 Rd6 26. Kf1 Rf6 27. Qg2 c6 28. Re3 Qh5 29. Ke1 b5 30. Bb3 Re7 31. d4 Rg6 32. Qf3 Qxf3 33. Rxf3 exd4+ 34. Kd2 dxc3+ 35. bxc3 Rd6+ 36. Kc2 Re2+ 37. Kc1 Rxd1+ 38. Kxd1 Re7 39. Rxf7 Re8 40. Bc2 Rd8+ 41. Ke1 c5 42. Bg6 b4 43. cxb4 cxb4 44. Rb7 Kg8 45. Rxb4 Kf8 46. Rb7 Rd6 47. Be4 Re6 48. f3 Ra6 49. Rb2 h5 50. Kf2 h4 51. Kg2 Kf7 52. Kh3 g5 53. Kg4 Kf6 54. Rd2 Rb6 55. Rd5 Rb2 56. Rf5+ Ke6 57. Rxg5 h3 58. Rg6+ Kf7 59. Rh6 Kg7 60. Rh7+ Kf6 61. Kg3 Rxa2 62. Rxh3 Ra1 63. Rh6+ Kg5 64. Rb6 Rg1+ 65. Kf2 Ra1 66. Rb5+ Kf6 67. Kg3 Rg1+ 68. Kf4 Ra1 69. Rb6+ Ke7 70. Ke5 Ra5+ 71. Bd5 Kf8 72. f4 Kg7 73. f5 Ra1 74. f6+ Kg6 75. Be4+ Kf7 76. Rb7+ Kf8 77. Kf5 Rf1+ 78. Ke6 Kg8 79. Rb8# 1-0


[Site "https://www.chess.com"]

[Event "Titled Tuesday Blitz July 18 Late 2023"]
[White "Oro, Faustino"]
[Black "SicilianPanzer"]
[WhiteFideId "20000197"]
[WhiteElo "2730"]
[BlackElo "2316"]
[Result "1-0"]
[Round "11"]
[TimeControl "180+2"]
[Date "2023.07.18"]
[WhiteClock "0:01:20"]
[BlackClock "0:00:01"]
[Board "69"]

1. e4 c5 2. Nf3 Nc6 3. Bb5 d6 4. O-O Bd7 5. Re1 a6 6. Bf1 Bg4 7. c3 Nf6 8. h3 Bxf3 9. Qxf3 g6 10. d3 Bg7 11. Nd2 O-O 12. Qd1 b5 13. Nf3 b4 14. d4 bxc3 15. bxc3 Qa5 16. Bd2 Rfb8 17. Bc4 e6 18. Rc1 d5 19. exd5 exd5 20. Bd3 c4 21. Bb1 Rb2 22. Ne5 Nxe5 23. dxe5 Ne4 24. Bxe4 dxe4 25. Rxe4 Rd8 26. e6 fxe6 27. Qg4 Qf5 28. Be3 Qxg4 29. hxg4 Kf7 30. Rxc4 Rxa2 31. Rc7+ Kg8 32. c4 Rb2 33. c5 a5 34. c6 Rbb8 35. Rxg7+ Kxg7 36. c7 a4 37. cxd8=Q Rxd8 38. Rc7+ Kg8 39. Ra7 Rd1+ 40. Kh2 Ra1 41. Bd4 Ra2 42. Rg7+ 1-0


[Site "https://www.chess.com"]